 Dungeon Crawl Stone Soup version 0.9.0-15-g1b13fe2 character file.

7614 odyn the Thaumaturge (level 10, -1/52 HPs)
             Began as a Deep Elf Conjurer on Aug 30, 2011.
             Was a Priest of Kikubaaqudgha.
             Slain by a hill giant
             ... wielding a +0,+0 giant club
              (19 damage)
             ... on Level 12 of the Dungeon.
             The game lasted 02:03:14 (9611 turns).

odyn the Thaumaturge (Deep Elf Conjurer)            Turns: 9611, Time: 02:03:14

HP  -1/52        AC  5     Str  6      XL: 10   Next: 89%
MP   0/31        EV 16     Int 23      God: Kikubaaqudgha [***...]
Gold 412         SH  0     Dex 15      Spells:  9 memorised,  6 levels left

Res.Fire  : . . .   See Invis. : .   y - +2,+1 elf sabre
Res.Cold  : . . .   Warding    : . . I - +2 robe {MR}
Life Prot.: . . .   Conserve   : .   (no shield)
Res.Acid. : . . .   Res.Corr.  : .   (no helmet)
Res.Poison: .       Clarity    : +   e - +0 cloak
Res.Elec. : .       Spirit.Shd : .   (no gloves)
Sust.Abil.: . .     Stasis     : .   (no boots)
Res.Mut.  : .       Ctrl.Telep.: .   J - amulet of clarity
Res.Rott. : .       Levitation : .   (no ring)
Saprovore : . . .   Ctrl.Flight: .   (no ring)

@: quite resistant to hostile enchantments, fairly stealthy
A: no striking features
a: Receive Corpses, Renounce Religion


You were on level 12 of the Dungeon.
You worshipped Kikubaaqudgha.
Kikubaaqudgha was greatly pleased with you.
You were not hungry.

You visited 2 branches of the dungeon, and saw 13 of its levels.

You collected 462 gold pieces.
You spent 70 gold pieces at shops.

Inventory:

Hand weapons
 y - a +2,+1 elven sabre (weapon)
Armour
 e - a +0 cloak (worn)
 I - a +2 robe of magic resistance (worn)
Magical devices
 B - a wand of enslavement (2) {unknown}
 F - a wand of fire (5)
Comestibles
 g - a honeycomb
 p - 4 meat rations
Scrolls
 a - a scroll of random uselessness
 b - a scroll of blinking
 d - 2 scrolls of teleportation
 h - a scroll of noise
 i - 3 scrolls of enchant weapon I
 j - a scroll of amnesia
 l - a scroll of remove curse {unknown}
 n - 4 scrolls of magic mapping
 u - a scroll of enchant weapon II
 v - a scroll of fear {unknown}
 x - a scroll of detect curse
 z - a scroll of curse jewellery {unknown}
Jewellery
 J - an amulet of clarity (around neck)
 L - an uncursed amulet of the gourmand {unknown}
Potions
 f - 4 potions of speed
 k - a potion of magic {unknown}
 m - 6 potions of healing
 o - a potion of cure mutation
 q - a potion of brilliance
 r - a potion of levitation {unknown}
 s - a potion of degeneration {unknown}
 t - 2 potions of restore abilities {unknown}
 w - 2 potions of heal wounds
 A - a potion of confusion
 E - a potion of invisibility {unknown}
Books
 c - a book of Conjurations

   Spells                             Type                      Level
   *Magic Dart                        Conjuration                  1
   *Throw Frost                       Conjuration/Ice              2
   *Mephitic Cloud                    Conjuration/Poison/Air       3
   Lightning Bolt                     Conjuration/Air              5
   Bolt of Cold                       Conjuration/Ice              6
   Freezing Cloud                     Conjuration/Ice/Air          6
 D - a book of Necromancy {god gift}

   Spells                             Type                      Level
   *Pain                              Necromancy                   1
   Animate Skeleton                   Necromancy                   1
   *Lethal Infusion                   Charms/Necromancy            2
   *Vampiric Draining                 Necromancy                   3
   Regeneration                       Charms/Necromancy            3
   *Dispel Undead                     Necromancy                   4
   Animate Dead                       Necromancy                   4
 G - a book of Death

   Spells                             Type                      Level
   Corpse Rot                         Necromancy                   2
   Sublimation of Blood               Necromancy                   2
   *Agony                             Necromancy                   5
   Excruciating Wounds                Charms/Necromancy            5
   *Bolt of Draining                  Conjuration/Necromancy       6
Magical staves
 C - a staff of death


   Skills:
 + Level 2 Fighting
 + Level 5 Short Blades
 + Level 7 Dodging
 - Level 2 Stealth
 - Level 1 Stabbing
 - Level 1 Traps & Doors
 * Level 12 Spellcasting
 + Level 9 Conjurations
 - Level 1 Charms
 * Level 7 Necromancy
 - Level 1 Ice Magic
 - Level 1 Air Magic
 - Level 1 Poison Magic
 + Level 2 Evocations


You had 6 spell levels left.
You knew the following spells:

 Your Spells              Type           Power        Success   Level  Hunger
a - Magic Dart            Conj           #####        Excellent   1    None
b - Throw Frost           Ice/Conj       ######.      Excellent   2    None
c - Mephitic Cloud        Pois/Air/Conj  #####.....   Excellent   3    None
d - Pain                  Necr           #####        Excellent   1    None
e - Vampiric Draining     Necr           ######....   Excellent   3    None
f - Lethal Infusion       Chrm/Necr      #####.....   Excellent   2    None
g - Dispel Undead         Necr           ######...    Excellent   4    None
h - Agony                 Necr           ######...    Great       5    Choko
i - Bolt of Draining      Conj/Necr      #######...   Good        6    Honeycomb

Dungeon Overview and Level Annotations

Branches:
Dungeon (12/27)            Temple (1/1) D:5
    Orc: D:6-11        Lair: D:8-13        Hive: D:11-16

Altars:
Ashenzari
Cheibriados
Elyvilon
Fedhas
Kikubaaqudgha
Makhleb
Nemelex Xobeh
Okawaru
Sif Muna
The Shining One
Trog
Vehumet
Yredelemnul
Zin

Shops:
D:4: !


Message History

The hill giant is severely wounded.
Your +2,+1 elven sabre stops crackling.
The hill giant is engulfed in noxious fumes.
Casting: Throw Frost
Confirm with . or Enter, or press ? or * to list all spells.
Aiming: Throw Frost
Press: ? - help, Shift-Dir - straight line, f/p - hill giant
Aim: A hill giant, wielding a giant club (severely wounded)
The puff of frost hits the hill giant.
The hill giant is almost dead.
The hill giant hits you with a giant club!
Casting: Throw Frost
Confirm with . or Enter, or press ? or * to list all spells.
You don't have enough magic to cast that spell.
Unknown command.
You hit the hill giant.
The hill giant is almost dead.
The hill giant hits you with a giant club!
You die...
Kikubaaqudgha rasps: "You have failed me!
Welcome... death!"

#.# #. #..
#. #.# #.
#.# #. #.#
#. #§# #.
#§##.#####
#C#.......
#@########
#.........
##########
# # # # #
#


You could see a hill giant.

Vanquished Creatures
  A hill giant (D:11)
  Pikel (D:8)
  2 cyclopes (D:11)
  2 slime creatures (D:12)
  2 trolls
  2 giant toads
  Eustachio (D:7)
  A yak (D:11)
  A hippogriff (D:11)
  Edmund (D:6)
  A necrophage (D:11)
  An orc warrior (D:6)
  A sky beast (D:11)
  A yellow wasp (D:9)
  4 ogres
  A phantom (D:10)
  5 centaurs
  2 ice beasts
  4 giant frogs
  8 killer bees (D:9)
  A killer bee zombie (D:11)
  9 wights (D:11)
  2 ogre zombies (D:10)
  3 imps
  2 goliath beetles
  2 quasits
  A big kobold skeleton (D:9)
  A hound skeleton (D:6)
  3 hound zombies
  2 hounds
  5 orc priests
  7 worker ants
  7 orc wizards
  2 scorpions (D:7)
  3 sheep (D:11)
  2 jellies
  A mummy (D:11)
  A giant centipede (D:11)
  An iguana (D:11)
  A giant mite (D:11)
  An iguana skeleton (D:8)
  12 snakes
  A snake zombie (D:8)
  A worm (D:3)
  A giant eyeball (D:4)
  7 giant geckos
  2 oozes
  19 orcs
  13 bats
  6 giant cockroaches
  15 goblins
  12 hobgoblins
  2 jackals
  18 kobolds
  7 quokkas
  3 giant newts
  A hobgoblin zombie (D:10)
  2 orc skeletons
  7 orc zombies (D:10)
  2 quokka skeletons
  12 rats
  2 small snakes
  9 toadstools
253 creatures vanquished.

Vanquished Creatures (collateral kills)
  A centaur (D:11)
  A killer bee (D:9)
  An orc (D:6)
3 creatures vanquished.

Vanquished Creatures (others)
  2 slaves (D:8)
  An imp (D:8)
  A hound (D:8)
  A snake (D:11)
  A jackal (D:8)
  A giant newt (D:11)
  A rat (D:9)
  27 toadstools
35 creatures vanquished.

Grand Total: 291 creatures vanquished

Notes
Turn   | Place    | Note
--------------------------------------------------------------
     0 | D:1      | odyn, the Deep Elf Conjurer, began the quest for the Orb.
     0 | D:1      | Reached XP level 1. HP: 10/10 MP: 4/4
   342 | D:1      | Reached XP level 2. HP: 15/15 MP: 7/7
   354 | D:1      | Learned a level 2 spell: Throw Frost
   813 | D:2      | Reached XP level 3. HP: 19/19 MP: 4/10
   874 | D:2      | Learned a level 3 spell: Mephitic Cloud
  1227 | D:3      | Reached skill level 6 in Conjurations
  1227 | D:3      | Reached XP level 4. HP: 24/24 MP: 1/14
  1469 | D:3      | Noticed Sigmund
  1544 | D:4      | Reached skill level 5 in Spellcasting
  1544 | D:4      | Reached XP level 5. HP: 28/28 MP: 0/18
  1580 | D:4      | Reached skill level 1 in Poison Magic
  1779 | D:4      | Found a basalt altar of Yredelemnul.
  1876 | D:4      | Paralysed by a giant eyeball for 2 turns
  2019 | D:4      | Found Ecegaitt's Distillery.
  2034 | D:4      | Bought a potion of heal wounds for 42 gold pieces
  2034 | D:4      | Bought a potion of healing for 28 gold pieces
  2061 | D:5      | Entered Level 5 of the Dungeon
  2061 | D:5      | Found a staircase to the Ecumenical Temple.
  2065 | D:5      | Reached skill level 1 in Ice Magic
  2087 | Temple   | Entered the Ecumenical Temple
  2117 | Temple   | Became a worshipper of Kikubaaqudgha
  2137 | D:5      | Found a burning altar of Makhleb.
  2155 | D:5      | Found an iron altar of Okawaru.
  2404 | D:5      | You fall through a shaft!
  2408 | D:6      | Reached skill level 1 in Stabbing
  2424 | D:6      | Reached XP level 6. HP: 11/32 MP: 1/20
  2626 | D:6      | Noticed Edmund
  2923 | D:6      | Reached skill level 1 in Traps & Doors
  2923 | D:6      | Reached skill level 1 in Air Magic
  3060 | D:6      | Defeated Edmund
  3060 | D:6      | Reached skill level 1 in Short Blades
  3217 | D:7      | Reached skill level 7 in Spellcasting
  3313 | D:7      | Reached XP level 7. HP: 19/36 MP: 9/23
  3342 | D:7      | Noticed Eustachio
  3357 | D:7      | Defeated Eustachio
  3588 | D:7      | Reached skill level 1 in Fighting
  3615 | D:7      | Reached skill level 8 in Spellcasting
  3639 | D:7      | Acquired Kikubaaqudgha's first power
  3639 | D:7      | Received a gift from Kikubaaqudgha
  3646 | D:7      | Learned a level 1 spell: Pain
  3650 | D:7      | Learned a level 3 spell: Vampiric Draining
  3653 | D:7      | Learned a level 2 spell: Lethal Infusion
  4091 | D:8      | Noticed Gastronok
  4093 | D:8      | Noticed Pikel
  4285 | D:9      | Reached skill level 1 in Necromancy
  4287 | D:9      | Reached XP level 8. HP: 33/42 MP: 11/26
  4683 | D:9      | Reached skill level 9 in Spellcasting
  5212 | D:9      | Reached XP level 9. HP: 42/46 MP: 18/28
  5475 | D:9      | Reached skill level 1 in Charms
  5854 | D:6      | Acquired Kikubaaqudgha's second power
  5854 | D:6      | Reached skill level 10 in Spellcasting
  5861 | D:6      | Learned a level 4 spell: Dispel Undead
  5905 | D:6      | Got a faintly glowing dagger
  5906 | D:6      | Identified the cursed -2,-3 dagger "Phuozas" (You found it on level 6 of the Dungeon)
  6139 | D:6      | Reached skill level 5 in Dodging
  6836 | D:8      | Defeated Pikel
  6845 | D:8      | Your ally freed slave died
  6857 | D:8      | Your ally freed slave died
  6972 | D:8      | Noticed Blork the orc
  7081 | D:10     | Entered Level 10 of the Dungeon
  7200 | D:10     | Reached skill level 1 in Evocations
  7866 | D:11     | Reached skill level 11 in Spellcasting
  7959 | D:11     | Reached XP level 10. HP: 43/51 MP: 17/30
  8067 | D:11     | Reached skill level 5 in Necromancy
  8837 | D:11     | Learned a level 5 spell: Agony
  8948 | D:11     | Reached skill level 5 in Short Blades
  8948 | D:11     | Reached skill level 12 in Spellcasting
  8956 | D:11     | Learned a level 6 spell: Bolt of Draining
  9611 | D:12     | Slain by a hill giant
